Map: Pendiente de Agustín EE

Players

MrFercho - Winner!

  • Race: Zerg Zerg
  • League: Gold
  • Spawn Location: 6:00

tigro - Winner!

  • Race: Terran Terran
  • League: Bronze
  • Spawn Location: 6:00

TATORREA - Winner!

  • Race: Protoss Protoss
  • League: Gold
  • Spawn Location: 5:00

Solace

  • Race: Zerg Zerg
  • League: Gold
  • Spawn Location: 12:00

TexMachina

  • Race: Terran Terran
  • Spawn Location: 11:00

MrWick

  • Race: Zerg Zerg
  • League: Gold
  • Spawn Location: 12:00

VOD

Have the link to the VOD?

Description

Time

  • Played on: Aug. 17, 2020, 10:25 p.m.
  • Length: 15:31
Show
View Real Time Build Order
Export as new Build Order

MrFercho Zerg - Winner!

Build Orders: Hatch First 

Get SALT Encoding   

  12  0:00  Drone  
  13  0:15  Overlord  
  13  0:18  Drone  
  14  0:34  Drone x2  
  16  0:52  Drone  
  16  0:53  Hatchery  
  16  0:56  Drone  
  17  1:00  Drone  
  18  1:10  Extractor  
  17  1:16  Spawning Pool  
  17  1:18  Drone  
  17  1:22  Drone  
  18  1:33  Drone  
  19  1:51  Drone  
  20  1:54  Overlord  
  20  2:04  Queen  
  20  2:05  Queen  
  24  2:12  Zergling x4  
  26  2:16  Drone  
  27  2:31  Drone x3  
  30  2:44  Drone x2  
  31  2:48  Drone  
  33  3:03  Drone x3  
  33  3:05  Extractor  
  35  3:09  Overlord  
  35  3:16  Drone  
  36  3:22  Drone, Extractor  
  36  3:26  Queen  
  36  3:27  Drone x3  
  36  3:32  Overlord  
  36  3:33  Drone x2  
  43  3:49  Drone  
  43  3:51  Overlord  
  43  3:53  Drone x3  
  47  4:04  Lair  
  47  4:33  Roach Warren  
  46  5:04  Drone  
  46  5:05  Drone  
  46  5:06  Evolution Chamber, Drone x2  
  49  5:13  Glial Reconstitution  
  49  5:18  Overlord x3  
  49  5:24  Drone  
  50  5:29  Hatchery  
  50  5:31  Roach x5  
  59  5:38  Zergling x14  
  66  5:43  Zerg Missile Weapons Level 1  
  66  5:52  Overlord  
  66  5:53  Overlord  
  66  6:10  Zergling x14  
  73  6:17  Drone  
  74  6:22  Roach  
  76  6:26  Metabolic Boost  
  76  6:33  Extractor  
  76  6:35  Roach x4  
  76  6:36  Roach x2  
  87  6:43  Queen  
  89  6:48  Drone x3  
  89  6:50  Zergling x2  
  93  6:55  Roach  
  93  6:56  Roach x4  
  103  7:05  Drone x2  
  103  7:07  Drone  
  106  7:09  Overlord x2  
  106  7:26  Overlord x4  
  106  7:33  Roach  
  106  7:34  Roach x6  
  120  7:39  Overlord  
  120  7:44  Zerg Missile Weapons Level 2  
  120  7:46  Hatchery  
  119  7:55  Evolution Chamber  
  119  7:56  Roach x4  
  119  7:57  Roach x5  
  136  8:01  Spire  
  135  8:55  Roach x9  
  153  8:57  Overlord x4  
  153  9:04  Zerg Ground Armor Level 1  
  151  9:53  Corruptor x11  
  151  9:54  Corruptor  
  172  10:04  Hydralisk Den  
  139  10:27  Roach x5  
  139  10:28  Roach x17  
  99  11:27  Muscular Augments  
  99  12:00  Roach x16  
  129  12:06  Zerg Ground Armor Level 2  
  129  12:16  Extractor  
  129  12:18  Extractor  
  129  12:21  Corruptor x7  
  129  12:22  Corruptor  
  143  12:32  Overseer x3  
  143  12:33  Infestation Pit  
  143  12:34  Pneumatized Carapace  
  142  12:39  Grooved Spines  
  142  12:55  Hydralisk x7  
  142  12:57  Zergling x14  
  142  12:58  Zergling x4  
  165  13:05  Hatchery  
  164  13:18  Overseer  
  164  13:22  Hive  
  164  13:39  Hydralisk x3  
  164  13:40  Hydralisk x3  
  176  13:46  Overlord x6  
Show
View Real Time Build Order
Export as new Build Order

tigro Terran - Winner!

Build Orders:  

Get SALT Encoding   

  12  0:14  SCV  
  12  0:18  Supply Depot  
  13  0:35  SCV  
  14  0:41  Supply Depot  
  14  0:47  SCV  
  15  0:50  Barracks  
  15  0:58  Refinery  
  15  0:59  SCV  
  16  1:11  SCV  
  16  1:15  Refinery  
  17  1:24  SCV  
  18  1:36  SCV  
  18  1:38  Marine  
  20  1:48  SCV  
  21  1:56  Marine  
  21  2:00  SCV  
  23  2:05  Factory  
  23  2:12  SCV  
  23  2:14  Marine  
  25  2:21  Engineering Bay  
  25  2:24  SCV  
  26  2:32  Marine  
  26  2:37  Orbital Command  
  27  2:49  Marine  
  27  2:50  Factory Tech Lab  
  28  3:08  Barracks Tech Lab  
  28  3:10  Siege Tank  
  31  3:33  Combat Shield  
  31  3:35  Command Center  
  31  3:37  Terran Infantry Weapons Level 1  
  31  3:42  Siege Tank  
  34  3:54  Marine  
  35  4:11  Marine  
  36  4:29  Marine  
  37  4:39  Siege Tank  
  40  4:47  Marine  
  40  4:50  Refinery  
  40  4:52  Stimpack  
  41  5:05  Marine  
  41  5:06  Starport  
  42  5:13  SCV  
  43  5:23  Marine  
  43  5:25  SCV  
  45  5:31  Terran Infantry Armor Level 1  
  45  5:37  SCV  
  45  5:40  Marine  
  47  5:47  Cyclone  
  47  5:49  SCV  
  51  5:58  Marine  
  51  6:02  SCV, Refinery  
  40  6:16  Marine  
  41  6:34  Marine  
  42  6:52  Marine  
  43  7:25  Neosteel Armor  
  43  8:19  Liberator  
  45  8:30  Siege Tank  
  48  8:47  Starport  
  48  8:53  Fusion Core  
  48  9:02  Liberator  
  51  9:05  Hi-Sec Auto Tracking  
  51  9:45  Liberator  
  40  10:41  Marine  
  41  10:51  Starport Reactor  
  41  10:58  Barracks  
  41  10:59  Marine  
  36  11:16  Marine  
  19  11:34  Marine  
  11  11:52  Marine  
  11  12:53  Command Center  
  11  14:23  Barracks Reactor  
Show
View Real Time Build Order
Export as new Build Order

TATORREA Protoss - Winner!

Build Orders: Chargelot Immortal, Mass Adepts 

Get SALT Encoding   

  12  0:05  Probe  
  13  0:17  Probe  
  14  0:25  Pylon  
  14  0:29  Probe  
  15  0:43  Probe  
  16  0:51  Gateway  
  16  0:54  Gateway  
  16  0:55  Probe  
  17  1:03  Assimilator  
  17  1:08  Probe  
  18  1:16  Pylon  
  18  1:20  Probe  
  18  1:21  Assimilator  
  19  1:32  Probe  
  20  1:44  Probe  
  21  1:53  Cybernetics Core  
  21  1:56  Probe  
  22  2:04  Pylon  
  22  2:07  Gateway  
  22  2:08  Probe  
  23  2:25  Forge  
  23  2:34  Gateway  
  23  2:36  Twilight Council  
  23  2:37  Warp Gate  
  23  2:41  Adept  
  23  2:43  Adept  
  27  2:48  Protoss Ground Weapons Level 1 (Chrono Boost)  
  27  2:55  Adept  
  29  3:07  Resonating Glaives (Chrono Boost)  
  29  3:08  Pylon  
  29  3:18  Adept  
  31  3:22  Adept  
  33  3:30  Adept  
  35  3:36  Adept  
  37  4:07  Nexus  
  37  4:12  Pylon  
  37  4:29  Adept  
  37  4:30  Adept x2  
  43  4:33  Adept  
  45  4:41  Charge  
  45  4:49  Probe  
  46  4:56  Protoss Ground Weapons Level 2 (Chrono Boost)  
  46  5:01  Probe  
  47  5:13  Probe  
  46  5:25  Probe  
  29  6:02  Stalker x2  
  29  6:03  Stalker x2  
  35  6:04  Probe (Chrono Boost)  
  35  6:05  Probe (Chrono Boost)  
  37  6:15  Probe x2 (Chrono Boost)  
  39  6:19  Probe x2 (Chrono Boost)  
  41  6:29  Pylon  
  41  6:30  Probe  
  41  6:31  Probe  
  43  6:33  Pylon  
  43  6:36  Blink (Chrono Boost)  
  43  6:41  Pylon, Gateway  
  43  6:43  Zealot, Gateway  
  43  6:44  Zealot x3  
  43  6:45  Gateway  
  51  6:54  Robotics Facility  
  51  6:56  Probe, Robotics Facility  
  51  6:57  Probe  
  53  7:07  Assimilator  
  53  7:09  Probe x2, Assimilator  
  53  7:12  Protoss Shields Level 1 (Chrono Boost)  
  55  7:17  Zealot  
  55  7:18  Zealot x3  
  55  7:21  Probe x2  
  65  7:33  Probe x2  
  67  7:40  Zealot x4  
  67  7:41  Zealot x2  
  79  7:47  Immortal x2  
  87  8:03  Nexus  
  87  8:04  Pylon  
  87  8:07  Pylon  
  87  8:12  Zealot x3  
  93  8:25  Immortal x2 (Chrono Boost)  
  101  8:29  Probe x2  
  101  8:31  Zealot  
  105  8:34  Zealot  
  105  8:37  Zealot  
  109  9:08  Pylon  
  109  9:12  Pylon  
  109  9:15  Immortal x2, Pylon  
  117  9:17  Probe x2  
  117  9:18  Probe, Gateway  
  117  9:21  Gateway  
  117  9:23  Gateway  
  120  9:29  Probe x2  
  120  9:30  Probe  
  123  9:33  Assimilator  
  123  9:35  Assimilator  
  123  9:41  Probe x2  
  123  9:43  Probe  
  116  9:53  Probe  
  77  10:06  Stalker x4  
  77  10:07  Stalker x3  
  73  10:14  Stalker  
  79  10:18  Probe x3  
  82  10:32  Stalker x5  
  82  10:33  Stalker x4  
  100  10:45  Stalker  
  70  11:14  Stalker x5  
  70  11:15  Stalker x4  
  70  11:16  Stalker  
  78  11:45  Stalker x2  
  78  11:46  Stalker x5  
  92  11:47  Stalker x3  
  90  12:12  Stalker x5  
  90  12:13  Stalker x3  
  90  12:14  Stalker x2  
  110  12:40  Nexus  
  110  12:43  Pylon x2, Zealot  
  112  12:44  Zealot x4  
  112  12:45  Pylon  
  112  12:47  Pylon, Zealot  
  122  12:56  Gateway  
  122  12:59  Gateway  
  122  13:01  Gateway  
  122  13:03  Gateway  
  108  13:18  Templar Archives  
  98  13:26  Stalker x2  
  98  13:27  Stalker x5  
  104  13:28  Stalker x3  
  118  13:34  Probe x3  
  121  13:46  Probe x2  
  121  13:47  Probe  
  122  13:59  Gateway  
  122  14:02  Gateway x2  
  120  14:15  Stalker x4  
  120  14:16  Stalker x4  
  120  14:17  Stalker x3  
Show
View Real Time Build Order
Export as new Build Order

Solace Zerg 

Build Orders: Hatch First, Roach Hydra 

Get SALT Encoding   

  12  0:00  Drone  
  13  0:13  Overlord  
  13  0:17  Drone  
  14  0:33  Drone  
  14  0:34  Drone  
  16  0:39  Drone  
  17  0:47  Drone  
  18  1:00  Drone  
  19  1:08  Overlord  
  19  1:10  Hatchery  
  18  1:22  Spawning Pool  
  18  1:23  Drone  
  18  1:34  Drone  
  19  1:48  Drone  
  19  1:53  Hatchery, Drone  
  20  2:01  Drone  
  21  2:12  Queen  
  23  2:18  Drone  
  24  2:26  Drone x2  
  26  2:32  Queen  
  26  2:34  Drone x2  
  30  2:44  Drone  
  31  2:50  Extractor  
  31  2:51  Drone  
  31  2:55  Drone  
  31  2:56  Drone  
  33  3:05  Drone  
  33  3:06  Drone x2  
  36  3:17  Drone  
  36  3:18  Drone x2  
  39  3:22  Queen  
  41  3:34  Roach Warren  
  40  3:35  Drone x2  
  40  3:36  Overlord x3  
  42  3:46  Evolution Chamber  
  42  3:47  Evolution Chamber  
  40  3:49  Drone x2  
  40  3:51  Overlord  
  40  3:52  Overlord x2  
  40  3:54  Queen  
  44  4:04  Lair  
  44  4:14  Roach  
  46  4:21  Zergling x14  
  53  4:31  Spine Crawler  
  52  4:32  Spine Crawler  
  52  4:38  Spine Crawler  
  50  4:41  Extractor  
  50  4:45  Zergling x20  
  59  4:54  Roach  
  59  4:55  Roach x3  
  67  5:09  Roach x2  
  60  5:42  Drone x6  
  61  5:43  Drone x7  
  68  5:50  Drone x4  
  72  5:57  Queen  
  72  6:02  Zerg Melee Weapons Level 1, Zerg Ground Armor Level 1  
  73  6:05  Drone x5  
  76  6:12  Extractor  
  76  6:15  Drone x5, Extractor  
  79  6:21  Extractor  
  79  6:25  Extractor  
  77  6:36  Hydralisk Den  
  76  6:48  Drone x13  
  89  6:58  Overlord  
  89  7:15  Grooved Spines  
  89  7:16  Queen, Glial Reconstitution  
  89  7:19  Metabolic Boost  
  91  7:47  Drone x2  
  91  7:48  Overlord, Drone x5  
  91  7:49  Overlord x7  
  98  7:56  Zerg Missile Weapons Level 1  
  98  8:06  Queen  
  98  8:10  Hatchery  
  99  8:13  Extractor  
  99  8:17  Extractor  
  97  8:21  Hydralisk x10  
  117  8:27  Muscular Augments  
  117  8:30  Lurker Den  
  116  8:38  Evolution Chamber  
  115  8:45  Infestation Pit  
  114  9:01  Hydralisk x4  
  114  9:02  Hydralisk x9  
  140  9:04  Zerg Melee Weapons Level 2  
  140  9:22  Hive  
  140  9:24  Roach  
  140  9:25  Roach x6  
  140  9:27  Zergling x8  
  158  9:37  Nydus Network  
  129  9:54  Hydralisk x3  
  129  9:55  Hydralisk x3  
  124  10:16  Roach x10  
  134  10:24  Drone x4  
  134  10:27  Queen  
  126  10:50  Zerg Missile Weapons Level 2  
  122  11:02  Queen  
  76  11:23  Hydralisk x6  
  76  11:24  Hydralisk x5  
  82  11:39  Roach x8  
  98  11:56  Roach x4  
  106  12:09  Overseer  
  106  12:24  Overlord  
  106  12:25  Overlord x5  
  106  12:26  Hatchery, Overlord  
  106  12:28  Hatchery, Zerg Ground Armor Level 2  
  104  12:39  Ultralisk Cavern  
  104  12:42  Drone x8  
  104  12:43  Drone x5  
  116  13:02  Hydralisk x9  
  118  13:16  Zergling x10  
  93  13:31  Ultralisk x2  
  105  13:39  Ultralisk  
  111  13:41  Zergling x2  
  111  13:42  Zergling x4  
  114  13:55  Lurker x2  
  116  13:58  Lurker  
Show
View Real Time Build Order
Export as new Build Order

TexMachina Terran 

Build Orders:  

Get SALT Encoding   

  12  0:01  SCV  
  13  0:18  Supply Depot  
  13  0:23  Refinery  
  13  0:24  SCV  
  14  0:36  SCV  
  15  0:48  Barracks  
  15  0:52  SCV  
  16  1:24  Refinery  
  16  1:37  Barracks Reactor, Command Center  
  16  1:49  Supply Depot  
  16  2:10  Factory  
  16  2:14  Marine x2  
  18  2:30  Orbital Command  
  18  2:50  Bunker  
  18  2:57  Marine x2  
  20  3:01  SCV  
  21  3:05  Factory Tech Lab  
  21  3:22  Marine x2  
  23  3:33  Siege Tank  
  26  3:43  SCV  
  27  3:49  Marine x2  
  27  3:54  SCV  
  27  3:55  SCV  
  31  4:23  Siege Tank  
  34  4:42  SCV  
  34  4:43  Starport  
  35  4:54  SCV  
  36  5:04  Supply Depot  
  36  5:07  SCV  
  37  5:27  Supply Depot  
  36  5:56  Starport Tech Lab  
  36  6:03  Fusion Core  
  36  6:11  SCV  
  37  6:27  Command Center  
  37  6:32  Liberator  
  40  6:46  Starport  
  40  7:02  Armory  
  40  7:05  Refinery  
  40  7:07  SCV  
  41  7:09  Refinery  
  41  7:19  SCV  
  42  7:31  SCV  
  42  7:35  Starport Tech Lab  
  43  7:37  Weapon Refit  
  43  7:43  SCV  
  44  7:50  Armory  
  44  7:54  Orbital Command  
  44  7:55  SCV  
  45  8:27  Terran Ship Weapons Level 1  
  45  8:28  Battlecruiser  
  45  8:30  Battlecruiser  
  57  8:39  Starport  
  57  8:52  Supply Depot, Orbital Command  
  57  9:06  Engineering Bay  
  57  9:09  Terran Vehicle And Ship Armor Level 1  
  57  9:16  Supply Depot  
  57  9:32  SCV  
  58  9:44  SCV  
  59  9:56  SCV  
  66  10:07  Battlecruiser  
  66  10:08  SCV  
  67  10:20  SCV  
  68  10:33  Starport Tech Lab  
  68  10:36  Hi-Sec Auto Tracking  
  68  10:38  Terran Ship Weapons Level 2  
  68  10:42  Battlecruiser  
  74  11:11  Battlecruiser  
  80  11:33  Neosteel Armor  
  80  11:44  Battlecruiser  
  80  11:46  Battlecruiser, Terran Vehicle And Ship Armor Level 2  
  68  12:26  Refinery  
  68  12:29  Refinery  
  68  12:37  Sensor Tower  
  68  13:04  Sensor Tower  
  68  13:30  Sensor Tower  
  68  13:44  Battlecruiser  
  68  13:46  Battlecruiser  
  80  13:59  Sensor Tower  
  62  14:25  Sensor Tower  
Show
View Real Time Build Order
Export as new Build Order

MrWick Zerg 

Build Orders: Hatch First 

Get SALT Encoding   

  12  0:00  Drone  
  13  0:19  Drone  
  14  0:30  Overlord  
  15  0:57  Drone x3  
  17  1:04  Hatchery  
  16  1:12  Spawning Pool  
  16  1:13  Drone  
  16  1:32  Drone x2  
  18  1:39  Extractor  
  17  1:40  Drone  
  18  1:57  Drone  
  18  1:59  Queen  
  21  2:06  Drone  
  22  2:10  Extractor  
  21  2:17  Drone x2  
  21  2:21  Queen  
  25  2:24  Drone  
  26  2:43  Drone  
  26  2:44  Roach Warren, Drone x2  
  28  2:51  Overlord  
  28  2:59  Overlord  
  28  3:06  Overlord  
  28  3:12  Lair  
  28  3:15  Overlord  
  28  3:16  Drone  
  28  3:17  Drone  
  30  3:31  Drone x3  
  30  3:32  Drone  
  34  3:39  Queen  
  36  3:41  Spore Crawler, Drone  
  36  3:50  Spore Crawler  
  36  3:55  Drone  
  36  3:56  Drone x5  
  36  4:00  Overlord  
  41  4:24  Hatchery  
  41  4:26  Roach  
  41  4:27  Roach x3  
  48  4:42  Spine Crawler, Spore Crawler  
  48  4:43  Drone x5  
  51  5:21  Spire  
  51  5:26  Roach  
  51  5:27  Roach x5  
  62  5:54  Lair  
  63  5:57  Drone x6  
  63  5:58  Drone x6  
  63  6:04  Overlord  
  72  6:19  Hatchery  
  72  6:24  Overlord x2  
  71  6:27  Drone x2  
  71  6:28  Drone x5  
  78  6:34  Extractor  
  78  6:39  Extractor  
  76  6:40  Spore Crawler  
  76  6:46  Mutalisk x6, Spine Crawler  
  80  6:53  Overseer  
  86  7:06  Corruptor  
  88  7:10  Glial Reconstitution  
  88  7:34  Infestation Pit  
  87  7:39  Drone  
  87  7:40  Drone x8  
  87  7:41  Drone  
  97  7:45  Queen  
  99  8:03  Extractor  
  99  8:05  Extractor  
  97  8:26  Mutalisk x3  
  103  8:29  Zergling x2  
  104  8:44  Overlord x5  
  104  8:58  Spine Crawler  
  104  9:01  Queen  
  104  9:02  Spine Crawler  
  104  9:10  Overseer  
  104  9:20  Corruptor  
  104  9:21  Corruptor x3  
  111  9:50  Zergling x8  
  111  9:51  Zergling x22  
  111  9:52  Zergling x22  
  118  10:07  Drone x3  
  118  10:08  Drone x7  
  97  10:31  Zergling x8  
  97  10:32  Zergling x16  
  107  10:38  Drone x2  
  107  10:39  Drone x4  
  113  10:51  Hive  
  113  10:56  Drone x6  
  80  11:33  Drone x4  
  80  11:34  Drone x11  
  80  11:35  Drone x2  
  80  11:37  Extractor  
  80  11:39  Extractor  
  95  11:41  Spore Crawler  
  95  11:42  Spore Crawler  
  95  11:43  Spore Crawler  
  92  12:04  Drone  
  92  12:05  Drone x8  
  92  12:06  Drone x2  
  103  12:09  Hatchery, Extractor  
  103  12:10  Extractor  
  100  12:16  Greater Spire  
  100  12:47  Spine Crawler  
  99  12:55  Mutalisk x5  
  99  12:56  Mutalisk x5  
  119  13:00  Overlord x5  
  119  13:01  Overlord  
  119  13:05  Zergling x2  
  120  13:12  Overlord x2  
  120  13:26  Zergling x2  
  98  13:27  Zergling x12  
  98  13:28  Zergling x4  
  79  13:41  Spine Crawler  
  77  13:44  Spine Crawler  
  77  13:46  Spine Crawler  
  72  13:49  Spore Crawler  
  72  13:50  Drone x2  
  72  13:51  Zergling x2  
  72  13:52  Zergling x16  
  75  14:03  Roach x4  
  75  14:04  Roach  
  75  14:05  Roach x3  
Tags
 
Add a new tag
Caveats
  • Supply blocks, unpowered buildings, or Contaminate may cause inaccurate times.
  • Supply counts are checked every 10 seconds.